 Dungeon Crawl Stone Soup version 0.16-a0-2568-g6e0b792 (webtiles) character file.

4435 Johnny the Frost Mage (level 9, -5/68 HPs)
             Began as a Demigod Ice Elementalist on Nov 21, 2014.
             Slain by a wyvern (12 damage)
             ... on level 9 of the Dungeon.
             The game lasted 00:26:58 (10803 turns).

Johnny the Frost Mage (Demigod Ice Elementalist)   Turns: 10803, Time: 00:26:58

Health: -5/68      AC:  7    Str: 11    XL:     9   Next: 92%
Magic:  10/20      EV: 17    Int: 21    God:
Gold:   505        SH:  0    Dex: 20    Spells: 5 memorised, 0 levels left

rFire  . . .     SeeInvis .     r - +3 quarterstaff (chaos)
rCold  . . .     Clarity  .     E - +1 robe {MR+}
rNeg   . . .     SustAb   +     (no shield)
rPois  .         Gourm    .     (no helmet)
rElec  .         Spirit   .     s - +0 cloak
rCorr  .         Warding  .     (no gloves)
rMut   .         Stasis   .     (no boots)
MR     +....                    (no amulet)
Stlth  ++........               B - ring of flight
                                x - +3 ring of protection

@: starving, somewhat resistant to hostile enchantments, unstealthy
A: sustain abilities
a: Evoke Flight


You were on level 9 of the Dungeon.
You were starving.

You visited 1 branch of the dungeon, and saw 9 of its levels.

You collected 615 gold pieces.
You spent 110 gold pieces at shops.

Inventory:

Hand weapons
 r - a +3 quarterstaff of chaos (weapon)
 F - a cursed +0 halberd
Armour
 s - a +0 cloak (worn)
 E - a +1 robe of magic resistance (worn)
 J - the +6 chain mail of Hedge Wizardry {Str+1 Dex+2}
   (You found it on level 6 of the Dungeon)

   It affects your strength (+1).
   It affects your dexterity (+2).
 Q - the +3 hat of Pondering {ponderous, MR+ MP+10 Int+5}
   (You took it off Gastronok on level 8 of the Dungeon)

   It affects your intelligence (+5).
   It affects your resistance to hostile enchantments.
   It affects your magic capacity (+10).
Jewellery
 x - a +3 ring of protection (left hand)
 B - a ring of flight (right hand)
Magical devices
 f - a wand of lightning (1)
 i - a wand of fireball (2)
 D - a wand of fireball (5)
 I - a wand of polymorph (9)
Scrolls
 d - 2 scrolls of blinking
 e - 4 scrolls of noise {unknown}
 g - 3 scrolls of enchant weapon {unknown}
 h - 3 scrolls of magic mapping
 j - 3 scrolls of teleportation
 k - a scroll of recharging
 m - 3 scrolls of remove curse {unknown}
 p - 2 scrolls of random uselessness {unknown}
 L - a scroll of amnesia
Potions
 a - a potion of lignification {unknown}
 l - a potion of resistance
 n - 2 potions of brilliance
 o - 4 potions of magic
 u - 2 potions of heal wounds
 v - 2 potions of poison
 w - 3 potions of restore abilities
 A - a potion of agility
 G - 6 potions of curing
 H - a potion of cancellation
 O - a potion of flight
 P - a potion of might {unknown}
 S - a potion of haste {unknown}
Books
 b - a book of Frost

   Spells                             Type                      Level
   *Freeze                            Ice                          1
   Throw Frost                        Conjuration/Ice              2
   Ozocubu's Armour                   Charms/Ice                   3
   *Throw Icicle                      Conjuration/Ice              4
   *Summon Ice Beast                  Ice/Summoning                4
   Condensation Shield                Ice                          4
 K - a book of Minor Magic

   Spells                             Type                      Level
   Magic Dart                         Conjuration                  1
   *Blink                             Translocation                2
   Call Imp                           Summoning                    2
   *Repel Missiles                    Charms/Air                   2
   Slow                               Hexes                        2
   Conjure Flame                      Conjuration/Fire             3
   Mephitic Cloud                     Conjuration/Poison/Air       3
 N - a book of Alchemy

   Spells                             Type                      Level
   Sublimation of Blood               Necromancy                   2
   Alistair's Intoxication            Transmutation/Poison         4
   Condensation Shield                Ice                          4
   Petrify                            Transmutation/Earth          4
   Ignite Poison                      Fire/Transmutation           5
   Irradiate                          Conjuration/Transmutation    5
Comestibles
 c - 6 bread rations
 t - 5 beef jerkies
 R - a meat ration


   Skills:
 - Level 2.4 Fighting
 - Level 0.3 Armour
 - Level 6.3 Dodging
 - Level 1.7 Stealth
 - Level 2.9 Spellcasting
 - Level 0.8 Conjurations
 * Level 3.5 Charms
 - Level 7.2 Summonings
 - Level 8.1 Ice Magic
 - Level 2.0 Evocations


You couldn't memorise any spells.
You knew the following spells:

 Your Spells              Type           Power        Failure   Level  Hunger
a - Freeze                Ice            ####         1%          1    None
b - Summon Ice Beast      Ice/Summ       #####...     8%          4    ####...
c - Throw Icicle          Conj/Ice       ###.....     24%         4    ####...
d - Blink                 Tloc           N/A          21%         2    ##.....
e - Repel Missiles        Chrm/Air       ##....       12%         2    ##.....


Dungeon Overview and Level Annotations

Branches:
Dungeon (9/15)             Temple (0/1) D:6
   Lair: D:8-11         Orc: D:9-12

Shops:
D:7 :   D:8 :?*!=


Innate Abilities, Weirdness & Mutations

Your attributes are resistant to harm.


Message History

The wyvern barely misses you.
Unknown command.
You hit the wyvern but do no damage. The wyvern misses you.
The wyvern closely misses you.
Unknown command.
You barely miss the wyvern.
The wyvern bites you but does no damage.
The wyvern completely misses you.
You hit the wyvern.
There is a sudden explosion of sparks!
The wyvern is almost dead.
The wyvern closely misses you. The wyvern bites you.
You closely miss the wyvern.
The wyvern is almost dead.
The wyvern barely misses you. The wyvern bites you!
You closely miss the wyvern.
The wyvern is almost dead.
The wyvern bites you!!
* * * LOW HITPOINT WARNING * * *
The wyvern bites you!
You die...

#.# # #.#.#. #.# #
#.# #.#.# #.# #.# #
#.# #.#. #.# #.# #.#
#.# #.# ##.# #.# #
#.# #.###. #!###.#
#.#.#.#.#.#.#
##.#Y#.# #.# #.###.##
##D###.#.#.#.#.#.#.#
##Y#@###.# #.###.###.
#(###.#.#.#.#.#.#.#)#
##.###.###.###.###.##
#.#≈#.#.#Y#Y#.#.#.#
##(###.###.###.###.
### ### ### ### ##


You could see a wyvern.

Vanquished Creatures
  A yak (D:9)
  A hungry ghost (D:7)
  A hippogriff (D:9)
  An orc warrior (D:8)
  2 black bears
  2 ice beasts
  3 ogres
  2 phantoms
  A sky beast (D:9)
  A big kobold (D:9)
  A water moccasin skeleton (D:9)
  A giant frog (D:8)
  3 scorpions (D:5)
  4 crimson imps
  A giant frog zombie (D:5)
  A jelly (D:5)
  A centaur zombie (D:8)
  5 hounds
  2 iguanas
  Crazy Yiuf (D:2)
  An orc priest (D:3)
  An orc wizard (D:4)
  4 worker ants
  Natasha (D:4)
  Ijyb (D:5)
  A hound zombie (D:8)
  A gnoll (D:5)
  A worker ant zombie (D:9)
  3 adders
  A giant mite (D:4)
  3 worms
  An adder zombie (D:5)
  3 giant geckos
  6 orcs
  10 bats
  3 giant cockroaches
  34 hobgoblins
  6 jackals
  2 quokkas
  4 ball pythons
  4 giant newts
  23 goblins
  9 kobolds
  A quokka zombie (D:5)
  27 rats
  A butterfly (D:6)
187 creatures vanquished.

Vanquished Creatures (collateral kills)
  Gastronok (D:8)
  Maurice (D:8)
  Prince Ribbit (D:4)
  A hungry ghost (D:9)
  A hippogriff (D:8)
  Menkaure (D:5)
  An orc warrior (D:8)
  An ogre (D:5)
  A centaur (D:7)
  Sigmund (D:4)
  Duvessa (D:8)
  2 big kobolds (D:5)
  Blork the orc (D:8)
  2 giant frogs
  A scorpion (D:8)
  A crimson imp (D:5)
  Dowan (D:8)
  A goliath beetle (D:8)
  2 centaur skeletons (D:8)
  2 orc priests
  2 worker ants
  8 gnolls (D:5)
  A shadow imp (D:8)
  8 orcs
  A bat (D:6)
  10 hobgoblins (D:5)
  3 kobolds
  12 goblins (D:5)
  3 jackals
  2 rats
74 creatures vanquished.

Vanquished Creatures (others)
  9 ice beasts
  A giant newt (D:5)
10 creatures vanquished.

Grand Total: 271 creatures vanquished

Notes
Turn   | Place    | Note
--------------------------------------------------------------
     0 | D:1      | Johnny, the Demigod Ice Elementalist, began the quest for the Orb.
     0 | D:1      | Reached XP level 1. HP: 14/14 MP: 3/3
   658 | D:1      | Reached XP level 2. HP: 20/20 MP: 2/5
   707 | D:1      | Reached skill level 3 in Ice Magic
  1324 | D:2      | Reached XP level 3. HP: 24/27 MP: 8/8
  1360 | D:2      | Reached skill level 1 in Fighting
  1619 | D:2      | Found a radiant altar of Vehumet.
  1938 | D:2      | Noticed Crazy Yiuf
  1948 | D:2      | Killed Crazy Yiuf
  1948 | D:2      | Reached XP level 4. HP: 23/35 MP: 2/11
  2011 | D:3      | Found a radiant altar of Vehumet.
  3016 | D:4      | Noticed Prince Ribbit
  3278 | D:4      | Learned a level 4 spell: Summon Ice Beast
  3328 | D:4      | Noticed an ogre
  3334 | D:4      | Killed an ogre
  3334 | D:4      | Reached skill level 1 in Summonings
  3334 | D:4      | Reached skill level 4 in Ice Magic
  3334 | D:4      | Reached XP level 5. HP: 41/41 MP: 9/12
  3346 | D:4      | Found a shattered altar of Ashenzari.
  3350 | D:4      | Found a glowing golden altar of the Shining One.
  3351 | D:4      | Noticed a phantom
  3374 | D:4      | Killed a phantom
  3374 | D:4      | Reached XP level 6. HP: 36/48 MP: 15/15
  3817 | D:5      | Entered Level 5 of the Dungeon
  3823 | D:5      | Reached skill level 5 in Ice Magic
  3924 | D:5      | Learned a level 4 spell: Throw Icicle
  3997 | D:5      | Noticed Ijyb
  4003 | D:5      | Killed Ijyb
  4569 | D:4      | Noticed Natasha
  4577 | D:4      | Killed Natasha
  4577 | D:4      | Reached XP level 7. HP: 48/55 MP: 12/17
  4716 | D:4      | Noticed Sigmund
  4727 | D:4      | Killed Sigmund
  4978 | D:4      | Killed Prince Ribbit
  5258 | D:5      | Found an iron altar of Okawaru.
  5383 | D:5      | Reached skill level 6 in Ice Magic
  5674 | D:5      | Reached skill level 5 in Summonings
  5810 | D:5      | Noticed Menkaure
  5835 | D:5      | Killed Menkaure
  5835 | D:5      | Reached XP level 8. HP: 22/61 MP: 2/18
  6916 | D:6      | Found a staircase to the Ecumenical Temple.
  7058 | D:6      | Got a faintly humming chain mail
  7069 | D:6      | Identified the +6 chain mail of Hedge Wizardry {Str+1 Dex+2} (You found it on level 6 of the Dungeon)
  7340 | D:6      | Found a shattered altar of Ashenzari.
  7885 | D:7      | Found Piez's Book Emporium.
  7965 | D:7      | Reached skill level 7 in Ice Magic
  8735 | D:7      | Found a sparkling altar of Nemelex Xobeh.
  8821 | D:8      | Noticed Blork the orc
  8830 | D:8      | Noticed Maurice
  8830 | D:8      | Killed Blork the orc
  8830 | D:8      | Reached skill level 5 in Dodging
  8860 | D:8      | Killed Maurice
  9040 | D:8      | Found Varo's Distillery.
  9040 | D:8      | Noticed Duvessa
  9040 | D:8      | Noticed Dowan
  9048 | D:8      | Killed Dowan
  9054 | D:8      | Killed Duvessa
  9054 | D:8      | Reached XP level 9. HP: 67/67 MP: 3/20
  9106 | D:8      | Found Feorywea's Assorted Antiques.
  9109 | D:8      | Bought a scroll of identify for 54 gold pieces
  9205 | D:8      | Noticed Gastronok
  9223 | D:8      | Killed Gastronok
  9223 | D:8      | Reached skill level 8 in Ice Magic
  9455 | D:8      | Found Icouc's Jewellery Shoppe.
  9510 | D:8      | Reached skill level 1 in Evocations
  9735 | D:8      | Found Adam's Book Shop.
  9767 | D:8      | Learned a level 2 spell: Blink
  9905 | D:8      | Found Oneasaam's Magic Scroll Emporium.
  9908 | D:8      | Bought a scroll of identify for 28 gold pieces
  9908 | D:8      | Bought a scroll of identify for 28 gold pieces
 10298 | D:9      | Learned a level 2 spell: Repel Missiles
 10422 | D:9      | Reached skill level 1 in Charms
 10803 | D:9      | Slain by a wyvern

Action                   |  1- 3 |  4- 6 |  7- 9 || total
-------------------------+-------+-------+-------++-------
Melee: Short sword       |    33 |       |       ||    33
       Dagger            |     2 |       |       ||     2
       Mace              |    46 |       |       ||    46
       Quarterstaff      |       |    73 |   303 ||   376
 Cast: Freeze            |    33 |    44 |    31 ||   108
       Summon Ice Beast  |       |       |    63 ||    63
 Abil: Evoke Flight      |       |       |     1 ||     1
Evoke: Wand              |       |     9 |       ||     9
  Use: Scroll            |       |     7 |     8 ||    15
       Potion            |       |     2 |     1 ||     3
 Stab: Sleeping          |     2 |     2 |    11 ||    15
       Paralysed         |       |       |     4 ||     4
       Confused          |       |       |     2 ||     2
       Distracted        |       |       |     1 ||     1
       Petrifying        |       |       |     1 ||     1
  Eat: Chunk             |     3 |     9 |    26 ||    38
       Beef jerky        |       |       |     3 ||     3
       Royal jelly       |       |       |     1 ||     1
       Pizza             |       |       |     1 ||     1
